Map: Dusk Towers

Players

LilDicky - Winner!

  • Race: Terran Terran
  • League: Diamond

DrkWanderer

  • Race: Protoss Protoss
  • League: Platinum

VOD

http://www.twitch.tv/tumescentpie

Description

Time

  • Played on: Dec. 13, 2015, 3:13 a.m.
  • Length: 6:21
Show
View Real Time Build Order
Export as new Build Order

LilDicky Terran - Winner!

Build Orders: MMM Bio 

Get SALT Encoding   

  12  0:03  SCV  
  13  0:15  SCV  
  13  0:20  Supply Depot  
  14  0:27  SCV  
  15  0:31  Refinery  
  15  0:42  SCV  
  16  0:55  SCV  
  16  0:56  Barracks  
  17  1:07  SCV  
  18  1:24  SCV  
  19  1:36  SCV  
  20  1:43  Factory  
  20  1:46  Supply Depot  
  20  1:47  Marine  
  20  1:49  Orbital Command  
  20  1:50  Refinery  
  21  2:07  Marine  
  22  2:13  Barracks  
  22  2:16  SCV  
  22  2:17  Barracks  
  23  2:31  Barracks Reactor  
  23  2:36  SCV  
  24  2:42  Supply Depot  
  24  2:44  Widow Mine  
  26  3:01  Barracks Tech Lab  
  26  3:03  Barracks Tech Lab  
  26  3:08  Marine  
  26  3:09  Marine  
  26  3:12  Supply Depot  
  28  3:13  Widow Mine  
  29  3:25  Marauder  
  29  3:26  Stimpack, Marine x2  
  35  3:27  Combat Shields  
  35  3:33  SCV  
  34  3:37  Supply Depot  
  34  3:41  Marine  
  33  4:09  Marine  
  37  4:10  SCV  
  37  4:11  Starport  
  37  4:13  Marauder  
  37  4:14  Marine  
  38  4:17  Marauder  
  38  4:22  SCV  
  41  4:24  Supply Depot  
  41  4:27  Marine  
  42  4:32  Marine  
  42  4:34  SCV  
  42  4:38  Supply Depot, Marine  
  45  4:39  Marauder  
  47  4:46  SCV  
  47  4:47  Medivac  
  47  4:52  Marine  
  51  4:54  Concussive Shells  
  51  4:56  Marauder  
  53  5:05  SCV  
  54  5:16  Marine  
  54  5:17  SCV, Marine, Marauder x2  
  61  5:23  Medivac  
  61  6:07  SCV  
Show
View Real Time Build Order
Export as new Build Order

DrkWanderer Protoss 

Build Orders:  

Get SALT Encoding   

  12  0:01  Probe (Chrono Boost)  
  13  0:12  Probe (Chrono Boost)  
  14  0:18  Pylon  
  14  0:22  Probe (Chrono Boost)  
  15  0:36  Probe (Chrono Boost)  
  15  0:38  Gateway  
  16  0:48  Probe (Chrono Boost), Assimilator  
  17  0:56  Assimilator  
  17  0:58  Probe (Chrono Boost)  
  18  1:09  Probe (Chrono Boost)  
  19  1:19  Probe (Chrono Boost)  
  20  1:28  Cybernetics Core  
  20  1:47  Probe (Chrono Boost)  
  20  1:54  Nexus  
  21  2:00  Pylon  
  21  2:02  Probe (Chrono Boost)  
  22  2:12  Probe (Chrono Boost)  
  23  2:18  Warp Gate  
  23  2:19  Adept  
  25  2:23  Probe (Chrono Boost)  
  25  2:29  Gateway  
  26  2:44  Robotics Facility  
  26  2:53  Pylon  
  26  3:08  Pylon  
  26  3:09  Mothership Core (Chrono Boost)  
  27  3:34  Observer (Chrono Boost)  
  27  4:01  Stalker (Chrono Boost)  
  27  4:02  Stalker (Chrono Boost)  
  31  4:13  Probe  
  32  4:18  Warp Prism  
  34  4:26  Gateway  
  34  4:27  Gateway  
  34  4:55  Probe x2  
  36  5:07  Probe  
  36  5:12  Gateway  
  37  5:16  Twilight Council  
  35  6:07  Stalker  
  35  6:10  Stalker  
Tags
 
Add a new tag
Caveats
  • Supply blocks, unpowered buildings, or Contaminate may cause inaccurate times.
  • Supply counts are checked every 10 seconds.